 Dungeon Crawl Stone Soup version 0.31-a0-837-g3fff7bc (webtiles) character file.

Game seed: 8774148082136714357

372 BarneyGumball the Digger (level 6, 0/36 HPs)
             Began as an Octopode Earth Elementalist on Sept 26, 2023.
             Was an Initiate of Vehumet.
             Slain by Pargi (2 damage)
             ... on level 4 of the Dungeon.
             The game lasted 00:05:15 (3224 turns).

BarneyGumball the Digger (OpEE)                     Turns: 3224, Time: 00:05:16

Health: 0/36       AC:  1    Str:  7    XL:     6   Next: 71%
Magic:  6/9        EV: 13    Int: 20    God:    Vehumet [......]
Gold:   256        SH:  0    Dex: 12    Spells: 5/9 levels left

rFire   . . .        c - +2 dagger (venom)
rCold   . . .        (no shield)
rNeg    . . .        (helmet restricted)
rPois   .            (no amulet)
rElec   .            (no ring)
rCorr   .            (no ring)
SInv    .            (no ring)
Will    .....        (no ring)
Stlth   +++          (no ring)
HPRegen 0.26/turn    (no ring)
MPRegen 0.11/turn    (no ring)
                     (no ring)

%: no passive effects
@: hasted, very quick
A: almost no armour, amphibious, 8 rings, camouflage 1, gelatinous body 1,
(nimble swimmer 1), tentacles
a: Renounce Religion


You were on level 4 of the Dungeon.
You worshipped Vehumet.
Vehumet was noncommittal.
You visited 2 branches of the dungeon, and saw 5 of its levels.

You collected 256 gold pieces.

Inventory:

Hand Weapons
 c - a +2 dagger of venom (weapon)
Magical Staves
 f - a staff of fire
Jewellery
 i - a +6 ring of dexterity
 j - an amulet of magic regeneration
 k - a ring of ice
Wands
 m - a wand of roots (8)
 p - a wand of acid (5)
 s - a wand of flame (11)
Scrolls
 d - 4 scrolls of identify
 e - a scroll of enchant weapon {unknown}
 g - 2 scrolls of teleportation {unknown}
 h - a scroll of fog {unknown}
 r - a scroll of immolation {unknown}
Potions
 a - a potion of magic
 b - a potion of haste
 l - a potion of might {unknown}
 n - a potion of invisibility {unknown}
 o - a potion of attraction {unknown}
 q - a potion of curing {unknown}


   Skills:
 - Level 2.0 Dodging
 - Level 2.6 Stealth
 - Level 2.0 Spellcasting
 + Level 4.4 Conjurations
 - Level 1.0 Transmutations
 + Level 5.5 Earth Magic


You had 5 spell levels left.
You knew the following spells:

 Your Spells              Type           Power      Damage    Failure   Level
a - Sandblast             Erth           48%        2d12      1%          1
c - Stone Arrow           Conj/Erth      44%        3d9       6%          3

Your spell library contained the following spells:

 Spells                   Type           Power      Damage    Failure   Level
 Passwall                 Tmut/Erth      12%        N/A       6%          2
 Brom's Barrelling Bould  Conj/Erth      22%        2d4       21%         4
 Ensorcelled Hibernation  Hex/Ice        4%         N/A       24%         2
 Jinxbite                 Hex            4%         N/A       24%         2
 Petrify                  Tmut/Erth      15%        N/A       38%         4
 Anguish                  Hex/Necr       1%         N/A       83%         4


Dungeon Overview and Level Annotations

Branches:
Dungeon (4/15)             Temple (1/1) D:4

Altars:
Ashenzari
Dithmenos
Gozag
Hepliaklqana
Kikubaaqudgha
Makhleb
Nemelex Xobeh
Vehumet
Wu Jian
Yredelemnul
Zin
The Shining One

Annotations:
D:3 Ijyb
D:4 Pargi


Innate Abilities, Weirdness & Mutations

You cannot wear most types of armour.
You are amphibious.
You can wear up to eight rings at the same time.
Your skin changes colour to match your surroundings (Stealth+).
Your rubbery body absorbs attacks. (AC +1, EV +1)
((You are camouflaged when in or above water. (Stealth+)))
You have tentacles for arms and can constrict up to eight enemies at once.


Message History

Casting: Sandblast (safe; 1% risk of failure)
Confirm with . or Enter, or press ? or * to list all spells.
Aiming: Sandblast (safe; 1% risk of failure)
Press: ? - help, Shift-Dir - straight line, f - gnoll
Aim: a gnoll, wielding a +0 whip (85% to hit)
The blast of sand hits the gnoll!
The gnoll is severely wounded.
You closely miss the gnoll. Your grab misses the gnoll.
The gnoll is severely wounded.
The gnoll hits you with a +0 whip.
You hit the gnoll.
The gnoll is poisoned.
You grab the gnoll.
The gnoll is almost dead.
You constrict the gnoll.
You kill the gnoll!
Vehumet accepts your kill.
Pargi shouts!
A gnoll comes into view. It is wielding a +0 spear.
You see here a +0 whip.
A gnoll comes into view. It is wielding a +0 whip.
The gnoll shouts! x2
The gnoll hits you from afar with a +0 spear.
The gnoll hits you from afar with a +0 spear!
The gnoll attacks as it pursues you!
The gnoll hits you from afar with a +0 spear.
* * * LOW HITPOINT WARNING * * *
Pargi pleads, "Don't hit me!"
Press: ? - help, v - describe, . - travel
Here: Pargi The floor.
Okay, then.
As you read the scroll labelled TAISMO PYGOAJOY, it crumbles to dust.
It is a scroll of identify.
b - 2 potions of haste The gnoll barely misses you.
Pargi pleads, "Don't hit me!"
You feel yourself speed up.
The gnoll hits you from afar with a +0 spear.
* * * LOW HITPOINT WARNING * * *
Pargi barely misses you. x2; Pargi claws you.
You die...

......#.....+....#
......#.#.###....#
......#.#.#
#....##
###...#.#.#
#.....#
..'...'.#.#
#.....##
###...###.#
###....#
..'...'...#
##.#..#####
###...#####
#.........# #...#
##.#@#.......
#...#
#..#T###....?
#...#
##.##gg.###...
#####
###..#........#
#...##..>..##...
#.#..)†....#....
#...###.†.##.##.
#... ###.# .# #...
$.#.# .


You could see Pargi and 2 gnolls.

Vanquished Creatures
  A scorpion (D:4)
  2 hounds (D:4)
  2 iguanas
  Natasha (thrice) (D:3)
  4 adders
  4 gnolls
  2 worms (D:2)
  An orc (D:3)
  2 bat zombies (D:3)
  3 endoplasms
  3 giant cockroaches
  7 goblins
  6 hobgoblins
  A kobold (D:1)
  3 quokkas
  4 ball pythons
  7 bats
  A frilled lizard (D:3)
  2 rats (D:2)
  A rat zombie (D:3)
59 creatures vanquished.

Notes
Turn   | Place    | Note
-------+----------+-------------------------------------------
     0 | D:1      | BarneyGumball the Octopode Earth Elementalist began the
                  | quest for the Orb.
     0 | D:1      | Reached XP level 1. HP: 11/11 MP: 3/3
   147 | D:1      | Reached skill level 1 in Conjurations
   147 | D:1      | Reached XP level 2. HP: 17/17 MP: 3/5
   314 | D:1      | Found a faded altar of an unknown god.
  1315 | D:2      | Reached XP level 3. HP: 21/21 MP: 2/6
  1319 | D:2      | Learned a level 3 spell: Stone Arrow
  1787 | D:2      | Reached XP level 4. HP: 23/27 MP: 2/7
  1942 | D:3      | Reached skill level 4 in Earth Magic
  2284 | D:3      | Reached XP level 5. HP: 31/31 MP: 5/8
  2376 | D:3      | Noticed Natasha
  2381 | D:3      | Killed Natasha
  2485 | D:3      | Noticed Ijyb
  2560 | D:3      | Noticed Natasha
  2573 | D:3      | Killed Natasha
  2583 | D:3      | Found an ancient bone altar of Kikubaaqudgha.
  2686 | D:3      | Noticed Natasha
  2691 | D:3      | Killed Natasha
  3094 | D:4      | Reached skill level 5 in Earth Magic
  3094 | D:4      | Reached XP level 6. HP: 35/36 MP: 6/9
  3170 | D:4      | Found a staircase to the Ecumenical Temple.
  3179 | Temple   | Entered the Ecumenical Temple
  3187 | Temple   | Became a worshipper of Vehumet
  3213 | D:4      | Noticed Pargi
  3224 | D:4      | Slain by Pargi

Illustrated notes

Levels and vault maps discovered:
D:1:      scummos_arrival_hexagon, layout_loops_corners,
          shapermc_ecumenical_altar_mp_vishouse
D:2:      layout_basic, grunt_ministairs_6, glass_columns_a
D:3:      layout_loops_ring, lemuel_zombie_altar_kikubaaqudgha,
          uniq_crazy_yiuf_cottage, uniq_natasha, uniq_ijyb
D:4:      layout_basic, mainiacjoe_overflow_surrounded_room,
          minmay_temple_entry_slanted, gammafunk_ghost_abyssal_escape,
          serial_shops, nicolae_shop_crystal, minmay_manual_mares, uniq_robin,
          uniq_pargi, uniq_duvessa
Temple:   nicolae_temple_bog_church

Skill      XL: |  1  2  3  4  5  6 |
---------------+-------------------+-----
Conjurations   | 1 2 3 4 |  4.4
Earth Magic    | 4 5 |  5.5
Dodging        | |  2.0
Stealth        | |  2.6
Spellcasting   | |  2.0
Transmutations | |  1.0

Action                     |  1- 3 |  4- 6 || total
---------------------------+-------+-------++-------
  Melee: Dagger            |     2 |    28 ||    30
         Constrict         |       |     8 ||     8
         Tentacles         |       |     5 ||     5
         Punch             |       |     1 ||     1
   Cast: Sandblast         |    37 |    44 ||    81
         Stone Arrow       |       |     1 ||     1
    Use: Scroll            |       |     1 ||     1
         Potion            |       |     1 ||     1
 Armour: Skin              |     3 |    29 ||    32
  Dodge: Dodged            |     7 |    29 ||    36

Table legend: (Time is in decaauts)
 A = Elapsed time spent in this place.
 B = Non-inter-level travel time spent in this place.
 C = Inter-level travel time spent in this place.
 D = Time resting spent in this place.
 E = Time spent auto-exploring this place.
 F = Levels seen in this place.
 G = Mean time per level.
                   A        B        C        D        E       F      G
               +--------+--------+--------+--------+--------+-----+--------+
         Total |   3262 |   3156 |    106 |     75 |   2687 |   5 |  652.4 |
       Dungeon |   3246 |   3155 |     91 |     75 |   2687 |   4 |  811.5 |
        Temple |     16 |      1 |     15 |      0 |      0 |   1 |   16.0 |
               +--------+--------+--------+--------+--------+-----+--------+

Top non-repeatable levels by time:
     D:1: 1109 daAuts
     D:3: 1108 daAuts
     D:2: 843 daAuts
     D:4: 185 daAuts
  Temple: 16 daAuts
